AoeStats
← Lckyyie

Arabia

505705388Analyzed
2v2 RM · 20d ago on Sep 10, 2026· 36m 30s· 4 players
Game mode
Random Map
Map size
Medium (4 player)
Population
200
Speed
Normal
Resources
Standard
Victory
Conquest
Starting age
Dark Age
Ending age
Imperial Age
RankedLock teamsTeams togetherTeam positionsShared explorationLock speedFull tech treeHidden civsTurbo modeCheats
Victory
Defeat
🇮🇳 Ethiopians · India
799
+14
🇪🇸 Tupi · Spain
756
+16
🇩🇪 Tupi · Germany
766
-15
🇩🇪 Vietnamese · Germany
762
-15
Lckyyie
7:21 Loom
9:46 Feudal Age
11:06 Champi Runner
11:58 Horse Collar
17:43 Double-Bit Axe
17:53 Fletching
22:06 Castle Age
21:36 Padded Archer Armor
22:13 Crossbowman
24:11 Bodkin Arrow
26:12 Wheelbarrow
25:50 Bow Saw
26:32 Leather Archer Armor
26:53 Elite Skirmisher
PapaWhisky
7:17 Loom
11:15 Feudal Age
14:23 Man-at-Arms
19:49 Wheelbarrow
22:27 Castle Age
21:15 Double-Bit Axe
21:15 Horse Collar
21:57 Fletching
22:18 Forging
23:23 Bow Saw
23:18 Heavy Plow
22:46 Elite Skirmisher
24:33 Long Swordsman
27:55 Bodkin Arrow
32:59 Thumb Ring
Josico90
1:50 Loom
11:57 Feudal Age
12:12 Champi Runner
12:47 Double-Bit Axe
13:15 Horse Collar
13:48 Scale Mail Armor
15:37 Arson
16:40 Forging
17:10 Town Watch
20:34 Castle Age
18:39 Fletching
20:05 Gold Mining
20:34 Champi Warrior
21:27 Bow Saw
21:26 Heavy Plow
22:08 Squires
23:12 Wheelbarrow
23:52 Gold Shaft Mining
23:27 Stone Mining
24:01 Chain Mail Armor
24:27 Iron Casting
23:47 Pikeman
24:56 Stone Mining
25:43 Bodkin Arrow
25:43 Crossbowman
26:28 Padded Archer Armor
30:11 Leather Archer Armor
31:47 Ballistics
PINEAPPLE
8:34 Loom
10:55 Feudal Age
17:28 Castle Age
21:38 Crossbowman
24:52 Padded Archer Armor
25:12 Fletching
Connection lost

Rejoining the realm…

Still unreachable

The connection could not be restored.

Session expired

The server has moved on; the page needs a fresh start.